Map: 블루시프트 - 래더

Players

herO - Winner!

  • Race: Protoss Protoss
  • League: Grandmaster
  • Spawn Location: 7:00

Dark

  • Race: Zerg Zerg
  • League: Grandmaster
  • Spawn Location: 1:00

Event: IEM Season 13 - Katowice Server Qualifiers Asia 1

VOD

Have the link to the VOD?

Description

Time

  • Played on: Jan. 14, 2019, 4:15 a.m.
  • Length: 9:12

All games in this series

Show
View Real Time Build Order
Export as new Build Order

herO Protoss - Winner!

Build Orders: Oracle Opening 

Get SALT Encoding   

  12  0:00  Probe  
  13  0:13  Probe  
  14  0:18  Pylon  
  14  0:24  Probe  
  15  0:32  Probe  
  15  0:40  Probe  
  16  0:44  Gateway  
  16  0:47  Assimilator  
  17  0:52  Probe  
  18  1:00  Pylon  
  18  1:04  Probe  
  19  1:16  Probe  
  20  1:24  Gateway  
  20  1:28  Probe  
  20  1:32  Cybernetics Core  
  21  1:34  Zealot  
  23  1:46  Pylon  
  23  2:04  Probe  
  24  2:11  Adept x2  
  29  2:23  Warp Gate  
  28  2:40  Nexus  
  28  2:45  Assimilator  
  28  2:47  Probe  
  29  2:54  Stalker  
  31  3:07  Pylon  
  31  3:19  Probe  
  30  3:21  Sentry  
  30  3:28  Probe  
  30  3:32  Robotics Facility  
  31  3:36  Probe  
  34  3:43  Oracle  
  34  3:45  Probe  
  35  3:48  Probe  
  35  3:50  Gateway  
  36  3:56  Probe  
  36  3:57  Probe  
  38  4:03  Gateway  
  38  4:06  Probe  
  38  4:09  Probe, Immortal  
  38  4:19  Probe  
  38  4:21  Probe  
  44  4:28  Twilight Council  
  46  4:38  Immortal  
  46  4:39  Pylon  
  48  4:59  Gateway  
  48  5:00  Gateway  
  48  5:04  Zealot x3  
  50  5:09  Warp Prism  
  50  5:10  Stalker  
  42  5:28  Pylon  
  42  5:34  Pylon  
  27  5:38  Stalker  
  28  5:47  Immortal  
  30  6:01  Zealot  
  32  6:07  Zealot  
  31  6:22  Sentry  
  31  6:23  Zealot  
  35  6:42  Probe x2  
  35  6:43  Zealot  
  35  6:44  Zealot  
  41  6:50  Probe x2  
  41  6:57  Charge  
  41  6:59  Probe x2  
  45  7:10  Pylon  
  45  7:11  Probe  
  46  7:28  Probe x2  
  48  7:48  Pylon  
  48  7:49  Zealot x3, Pylon  
  54  7:59  Pylon  
  54  8:05  Probe x2  
  54  8:07  Zealot x3  
  56  8:16  Zealot x2  
  58  8:21  Zealot  
  57  8:38  Zealot  
  59  8:42  Zealot  
  59  8:43  Zealot x3  
  59  8:48  Zealot  
  69  9:07  Zealot x4  
Show
View Real Time Build Order
Export as new Build Order

Dark Zerg 

Build Orders: Hatch First 

Get SALT Encoding   

  12  0:00  Drone  
  13  0:13  Drone  
  14  0:16  Overlord  
  14  0:22  Extractor  
  14  0:23  Drone  
  15  0:35  Drone  
  15  0:36  Drone  
  17  0:45  Drone  
  18  0:56  Drone  
  19  1:09  Hatchery  
  19  1:10  Extractor  
  17  1:18  Drone  
  17  1:20  Spawning Pool  
  17  1:21  Drone  
  18  1:29  Drone  
  19  1:44  Hatchery  
  19  1:55  Hatchery  
  19  1:57  Drone  
  19  1:59  Overlord  
  19  2:09  Queen  
  21  2:21  Drone  
  21  2:22  Metabolic Boost  
  23  2:24  Zergling x2  
  23  2:25  Zergling x2  
  25  2:39  Hatchery  
  24  2:47  Zergling x4  
  28  2:57  Zergling x2  
  29  2:58  Overlord  
  21  3:23  Roach Warren  
  19  3:32  Overlord, Drone x2  
  19  3:33  Drone x2  
  19  3:34  Drone x2  
  25  4:03  Roach x5  
  25  4:09  Roach  
  37  4:16  Roach  
  39  4:22  Roach  
  39  4:23  Roach  
  43  4:35  Roach  
  43  4:36  Ravager  
  46  4:44  Zergling x6  
  46  4:45  Zergling x2  
  50  4:51  Overlord  
  48  5:09  Zergling x2  
  48  5:11  Zergling x2  
  48  5:12  Ravager  
  48  5:14  Zergling x8  
  46  5:30  Zergling x6  
  41  5:41  Zergling x2  
  40  5:49  Zergling x4  
  37  5:53  Zergling x8  
  37  5:54  Zergling x4  
  38  6:05  Drone x3  
  38  6:07  Drone  
  38  6:13  Drone  
  39  6:20  Queen  
  36  6:43  Queen x2  
  36  6:44  Drone x3  
  41  6:52  Roach x2  
  41  6:53  Roach  
  45  6:59  Roach  
  45  7:00  Roach  
  47  7:03  Drone  
  47  7:07  Drone x2  
  50  7:09  Drone  
  51  7:18  Zergling x6  
  54  7:23  Zergling x4  
  54  7:27  Zergling x4  
  54  7:46  Ravager x2, Zergling x2  
  54  7:47  Zergling x2  
  54  7:49  Overlord  
  54  7:50  Overlord  
  58  7:56  Overlord  
  58  8:05  Queen  
  56  8:16  Drone  
  56  8:17  Drone x7  
  58  8:22  Baneling Nest  
  58  8:24  Roach x4  
  55  8:34  Zergling x8  
  55  8:36  Zergling x2  
  55  8:38  Zergling x2  
  59  8:41  Zergling x4  
  59  8:44  Zergling x2  
  59  8:48  Zergling x2  
  62  8:53  Roach  

Tags
 
Add a new tag
Caveats
  • Supply blocks, unpowered buildings, or Contaminate may cause inaccurate times.
  • Supply counts are checked every 10 seconds.